Map: [ESL] Data-C

Players

Vindicta

  • Race: Terran Terran
  • Spawn Location: 3:00

trigger - Winner!

  • Race: Protoss Protoss
  • Spawn Location: 9:00

Event: DreamHack SC2 Masters 2022 Atlanta (Online)

VOD

Have the link to the VOD?

Description

Time

  • Played on: Oct. 8, 2022, 4:14 p.m.
  • Length: 15:51

All games in this series

Show
View Real Time Build Order
Export as new Build Order

Vindicta Terran 

Build Orders:  

Get SALT Encoding   

  12  0:01  SCV  
  13  0:13  SCV  
  14  0:18  Supply Depot  
  14  0:25  SCV  
  15  0:40  SCV  
  15  0:42  Barracks  
  16  0:47  Refinery  
  16  0:52  SCV  
  16  0:56  Refinery  
  17  1:04  SCV  
  18  1:16  SCV  
  19  1:28  Reaper  
  19  1:29  Orbital Command  
  20  1:38  Supply Depot  
  20  1:43  Bunker  
  20  1:58  SCV  
  21  2:01  Reaper  
  21  2:05  Factory  
  22  2:11  SCV  
  23  2:23  SCV  
  24  2:38  Reaper  
  24  2:39  SCV  
  24  2:43  Command Center  
  27  2:51  SCV  
  27  2:55  Hellion  
  29  3:00  Supply Depot  
  29  3:03  SCV  
  30  3:11  Starport  
  30  3:16  SCV  
  31  3:21  Widow Mine  
  32  3:28  SCV  
  32  3:30  Barracks  
  33  3:40  SCV  
  32  3:49  Widow Mine  
  32  3:50  Medivac  
  32  3:53  Armory  
  32  3:54  SCV  
  37  4:01  Orbital Command  
  37  4:06  SCV  
  38  4:12  Factory Tech Lab  
  37  4:18  Barracks Reactor, SCV  
  37  4:22  Starport Tech Lab  
  37  4:23  Bunker  
  38  4:26  Orbital Command  
  42  4:31  Siege Tank  
  42  4:34  SCV  
  42  4:42  Banshee  
  42  4:43  Refinery  
  45  4:47  SCV  
  45  4:52  SCV  
  47  4:54  Marine  
  47  4:59  SCV  
  48  5:04  SCV  
  48  5:09  Siege Tank  
  48  5:11  SCV  
  48  5:12  Marine x2  
  50  5:16  SCV  
  51  5:23  SCV  
  51  5:24  Barracks  
  51  5:26  Engineering Bay  
  51  5:28  SCV  
  54  5:29  Supply Depot, Marine  
  54  5:40  Refinery, Stimpack, SCV  
  54  5:46  Supply Depot  
  54  5:47  Marine  
  54  5:49  Starport Reactor  
  54  5:51  SCV, Siege Tank  
  54  5:53  SCV, Marauder  
  54  5:55  Supply Depot  
  54  5:56  Marine  
  62  6:08  SCV x2, Marine  
  62  6:10  Supply Depot  
  65  6:18  Terran Infantry Weapons Level 1  
  67  6:20  SCV x2  
  69  6:25  Medivac x2  
  69  6:28  Marine x2  
  69  6:29  Supply Depot  
  69  6:31  Marauder, Marine  
  76  6:33  Supply Depot  
  76  6:34  Combat Shield, Factory Reactor  
  78  6:46  Command Center, Marine  
  77  6:50  SCV  
  77  6:53  Supply Depot  
  78  6:55  Medivac x2  
  78  6:59  Marauder, Marine  
  85  7:05  Marine  
  85  7:06  SCV, Marauder  
  85  7:08  SCV  
  90  7:10  Widow Mine  
  90  7:11  Widow Mine  
  94  7:16  Marine  
  94  7:18  SCV  
  94  7:20  Marine  
  97  7:24  Concussive Shells  
  97  7:25  Barracks  
  97  7:27  Marine  
  97  7:28  Marine  
  97  7:29  Barracks  
  99  7:33  SCV x2  
  101  7:38  Marauder, Marine  
  101  7:40  Widow Mine x2  
  101  7:41  Medivac  
  110  7:51  Supply Depot  
  110  7:55  Supply Depot  
  110  7:57  SCV, Marine  
  112  8:01  SCV  
  112  8:02  Ghost Academy  
  112  8:05  Medivac  
  111  8:11  Medivac  
  111  8:12  Marine  
  105  8:13  Marauder  
  105  8:15  Barracks Reactor  
  105  8:19  SCV x2  
  107  8:21  Barracks Tech Lab  
  107  8:33  Ghost  
  109  8:35  Viking  
  109  8:38  Ghost  
  109  8:41  Viking, SCV x2  
  116  8:45  Orbital Command  
  116  8:48  Terran Infantry Armor Level 1  
  117  8:54  Enhanced Shockwaves  
  117  8:55  Refinery  
  117  9:01  Widow Mine x2  
  121  9:03  Missile Turret  
  121  9:06  SCV  
  121  9:07  Refinery  
  122  9:10  Ghost  
  122  9:11  SCV x2  
  122  9:12  Marine  
  122  9:13  Marine  
  128  9:18  SCV  
  128  9:21  Supply Depot  
  128  9:22  Supply Depot  
  128  9:23  Viking  
  128  9:24  Viking  
  133  9:32  Engineering Bay  
  133  9:33  SCV x2  
  133  9:37  Sensor Tower  
  134  9:38  Marine  
  134  9:39  Marauder, Marine  
  134  9:42  Terran Ship Weapons Level 1  
  134  9:43  SCV  
  134  9:45  Missile Turret x2, Marine x2  
  139  9:46  Marine  
  139  9:49  Marauder  
  139  9:52  Widow Mine  
  146  9:56  Marine x2  
  148  10:00  Marauder  
  148  10:04  Marauder  
  148  10:05  SCV  
  144  10:08  Medivac  
  144  10:10  Marine  
  144  10:13  SCV  
  144  10:14  SCV  
  144  10:15  Marine x3  
  144  10:16  Widow Mine  
  144  10:17  SCV  
  150  10:22  Marauder  
  150  10:25  Terran Infantry Weapons Level 2  
  150  10:26  Marauder, Marine  
  155  10:30  Marine  
  155  10:33  Marine x2  
  156  10:35  Viking  
  156  10:41  Supply Depot  
  156  10:42  Supply Depot  
  159  10:46  Viking  
  163  10:50  Supply Depot  
  161  10:59  Marine  
  161  11:00  Marauder  
  161  11:02  SCV x2  
  165  11:04  Supply Depot  
  165  11:05  Marine  
  165  11:10  Marine  
  171  11:12  Command Center  
  171  11:14  Widow Mine x2  
  171  11:15  Marine  
  174  11:21  Missile Turret  
  174  11:22  Viking, Ghost  
  174  11:24  Bunker  
  176  11:26  Marine  
  176  11:31  Ghost  
  179  11:35  Widow Mine x2  
  171  11:41  SCV  
  171  11:43  Missile Turret  
  166  11:49  Terran Infantry Armor Level 2  
  159  11:55  Marine x2  
  159  11:56  Marauder x2, Marine  
  159  11:57  Marine  
  159  12:00  Marauder  
  169  12:08  SCV  
  165  12:11  SCV x2  
  165  12:13  Marine x3  
  165  12:14  Marine  
  164  12:17  Marauder, Marine  
  164  12:21  Marauder  
  164  12:24  SCV x2  
  164  12:26  SCV  
  164  12:31  Marine x3  
  164  12:35  Viking x2, Ghost  
  141  12:56  SCV, Marine  
  137  12:59  Marine  
  137  13:00  SCV x2  
  137  13:02  Planetary Fortress  
  137  13:04  Terran Infantry Weapons Level 3  
  135  13:08  SCV  
  135  13:12  SCV x2, Marine x2  
  136  13:13  Liberator  
  136  13:14  Marine x2  
  136  13:18  Missile Turret  
  143  13:22  Marine  
  143  13:24  Liberator, Marine  
  143  13:25  SCV, Marauder  
  143  13:26  SCV  
  150  13:30  Marine x2  
  150  13:33  Sensor Tower  
  151  13:37  Marine  
  151  13:38  Marauder  
  149  13:42  SCV  
  149  13:45  Marine x2  
  149  13:48  Marine x2  
  154  13:55  Marine  
  153  13:56  Liberator  
  153  13:59  Marauder  
  153  14:02  SCV  
  154  14:03  Marine  
  154  14:04  Marauder  
  154  14:07  SCV, Marine  
  154  14:08  SCV  
  154  14:09  Marine  
  161  14:10  Marauder  
  161  14:16  Marine  
  159  14:19  SCV  
  159  14:20  Marine  
  159  14:21  Marauder  
  157  14:25  SCV, Marine  
  157  14:26  Marine  
  157  14:27  SCV x2, Marine  
  165  14:31  Refinery  
  165  14:33  Refinery  
  165  14:36  Marine  
  166  14:38  Marine  
  166  14:39  Liberator  
  166  14:41  SCV  
  166  14:42  Marauder  
  166  14:43  Marauder, Marine  
  166  14:44  SCV, Marine  
  176  14:46  Sensor Tower  
  176  14:48  Marine  
  177  14:58  Marine x2  
  167  15:01  Marauder  
  167  15:02  Marine, Ghost  
  167  15:06  Marine  
  164  15:10  SCV x2  
  164  15:12  SCV  
  151  15:16  Marine  
  151  15:18  SCV  
  139  15:22  SCV, Marine  
  139  15:23  SCV  
  139  15:24  Marauder  
  139  15:26  Marine  
  139  15:27  Marine  
Show
View Real Time Build Order
Export as new Build Order

trigger Protoss - Winner!

Build Orders: 1 Gate Expand, Blink Stalkers 

Get SALT Encoding   

  12  0:00  Probe  
  13  0:12  Probe  
  14  0:17  Pylon  
  14  0:24  Probe (Chrono Boost)  
  15  0:36  Probe (Chrono Boost)  
  15  0:37  Gateway  
  16  0:44  Probe (Chrono Boost)  
  16  0:46  Assimilator  
  17  0:51  Probe  
  18  1:03  Probe  
  19  1:15  Probe  
  20  1:25  Cybernetics Core  
  20  1:34  Nexus  
  21  1:44  Zealot (Chrono Boost), Pylon  
  22  1:50  Probe  
  23  2:02  Shield Battery  
  23  2:03  Stalker (Chrono Boost)  
  23  2:07  Probe  
  25  2:11  Warp Gate  
  25  2:21  Probe  
  26  2:25  Stalker (Chrono Boost)  
  26  2:29  Assimilator  
  28  2:40  Probe  
  29  2:50  Probe  
  30  2:52  Stalker (Chrono Boost)  
  30  2:55  Probe  
  33  3:02  Probe  
  34  3:10  Probe  
  35  3:13  Twilight Council  
  35  3:15  Probe  
  35  3:17  Pylon  
  36  3:22  Probe  
  38  3:27  Probe  
  38  3:32  Gateway  
  38  3:34  Probe  
  38  3:40  Probe  
  40  3:47  Probe, Blink (Chrono Boost)  
  41  3:52  Probe  
  42  3:56  Pylon  
  42  3:59  Probe  
  42  4:01  Robotics Facility  
  43  4:04  Probe  
  44  4:11  Probe  
  44  4:14  Stalker  
  44  4:16  Probe  
  48  4:23  Probe  
  49  4:26  Nexus  
  49  4:29  Probe  
  48  4:32  Pylon  
  48  4:35  Stalker  
  48  4:37  Probe  
  51  4:42  Probe  
  51  4:44  Stalker  
  54  4:50  Observer (Chrono Boost), Probe  
  54  4:52  Assimilator  
  56  4:55  Observer  
  56  4:58  Probe  
  57  5:03  Probe  
  58  5:07  Observer (Chrono Boost)  
  58  5:10  Probe  
  60  5:15  Probe  
  60  5:17  Assimilator  
  61  5:22  Robotics Bay, Probe, Gateway  
  62  5:30  Pylon  
  62  5:38  Probe  
  62  5:39  Charge, Gateway  
  62  5:42  Pylon  
  63  5:48  Probe (Chrono Boost)  
  63  5:50  Probe (Chrono Boost)  
  63  5:57  Gateway, Probe (Chrono Boost)  
  65  6:00  Probe (Chrono Boost)  
  65  6:01  Shield Battery, Probe (Chrono Boost)  
  65  6:02  Pylon  
  65  6:04  Probe (Chrono Boost)  
  68  6:05  Probe (Chrono Boost)  
  68  6:09  Probe  
  69  6:14  Stalker  
  69  6:17  Probe  
  71  6:24  Observer, Colossus (Chrono Boost)  
  71  6:26  Probe  
  71  6:27  Probe  
  71  6:28  Shield Battery  
  71  6:30  Extended Thermal Lance  
  71  6:31  Sentry x2  
  83  6:35  Gateway  
  83  6:38  Probe x2  
  83  6:39  Probe  
  86  6:45  Pylon  
  86  6:48  Pylon  
  86  6:50  Zealot x2  
  90  6:54  Zealot x2  
  90  6:56  Zealot  
  96  7:03  Colossus (Chrono Boost)  
  96  7:05  Gateway  
  102  7:11  Templar Archives  
  102  7:13  Zealot  
  102  7:14  Probe  
  104  7:26  Stalker  
  104  7:27  Stalker x3  
  112  7:31  Pylon  
  112  7:34  Zealot x2  
  116  7:50  High Templar  
  118  7:53  Zealot x3, Pylon  
  124  7:58  Pylon  
  124  8:01  Probe  
  124  8:03  Forge  
  125  8:11  Probe  
  125  8:12  High Templar  
  128  8:13  Zealot x2  
  128  8:16  Pylon  
  128  8:17  Archon  
  128  8:18  Pylon  
  128  8:19  Zealot x3  
  138  8:21  Nexus  
  138  8:25  Pylon  
  138  8:26  Probe x2  
  140  8:27  Observer (Chrono Boost)  
  140  8:29  Assimilator  
  140  8:32  Forge  
  141  8:34  Forge, Probe  
  141  8:37  Protoss Ground Weapons Level 1 (Chrono Boost)  
  141  8:38  Probe x2  
  144  8:42  Assimilator  
  145  8:48  Observer (Chrono Boost)  
  145  8:50  Robotics Facility  
  145  8:52  Pylon  
  145  8:57  Stalker x4  
  145  8:58  Photon Cannon, Protoss Ground Armor Level 1 (Chrono Boost)  
  145  9:01  Probe  
  154  9:06  Probe  
  154  9:10  Shield Battery, Warp Prism (Chrono Boost)  
  154  9:11  Probe  
  154  9:16  Pylon  
  157  9:18  Pylon  
  157  9:23  Observer  
  157  9:26  Probe x2  
  157  9:29  Probe  
  160  9:36  Disruptor (Chrono Boost)  
  160  9:37  Dark Shrine, Probe  
  164  9:38  Probe x2  
  164  9:45  Disruptor (Chrono Boost)  
  169  9:46  Stalker x3  
  175  9:58  Gateway  
  175  10:00  Gateway  
  175  10:01  Shield Battery  
  175  10:04  Disruptor (Chrono Boost)  
  158  10:11  Zealot  
  158  10:12  Zealot x4  
  158  10:13  Zealot  
  160  10:14  Disruptor (Chrono Boost)  
  161  10:24  Probe x2  
  161  10:26  Assimilator  
  163  10:31  Disruptor (Chrono Boost)  
  165  10:39  Protoss Ground Weapons Level 2 (Chrono Boost)  
  165  10:42  Nexus  
  165  10:43  Disruptor  
  165  10:44  Pylon  
  168  10:56  Dark Templar x2  
  170  11:03  Zealot x4  
  170  11:04  Zealot  
  180  11:06  Disruptor  
  183  11:12  Shadow Stride  
  183  11:13  Probe x2  
  183  11:14  Protoss Ground Armor Level 2 (Chrono Boost)  
  183  11:15  Shield Battery  
  183  11:16  Probe  
  183  11:17  Photon Cannon  
  176  11:19  Disruptor  
  176  11:20  Probe  
  180  11:25  Probe x2  
  180  11:26  Stargate  
  180  11:27  Photon Cannon  
  180  11:29  Gateway, Photon Cannon  
  180  11:31  Pylon  
  180  11:32  Gateway  
  178  11:41  Disruptor (Chrono Boost)  
  178  11:46  Dark Templar  
  181  11:55  Probe, Stalker x2  
  181  11:56  Stalker x4  
  181  11:58  Zealot  
  181  11:59  Zealot  
  194  12:09  Oracle  
  194  12:12  Probe x2  
  195  12:26  Nexus  
  195  12:29  Zealot  
  195  12:30  Zealot x2  
  197  12:43  Photon Cannon  
  197  12:49  Protoss Ground Weapons Level 3 (Chrono Boost)  
  174  12:52  Disruptor x2 (Chrono Boost)  
  161  13:01  Zealot x9  
  161  13:03  Zealot x2  
  176  13:13  Gateway  
  176  13:16  Probe x3  
  176  13:17  Probe  
  176  13:18  Probe  
  181  13:24  Zealot x11, Gateway  
  181  13:25  Disruptor (Chrono Boost)  
  181  13:26  Gateway  
  200  13:38  Pylon  
  192  13:52  Disruptor (Chrono Boost)  
  192  13:53  Disruptor (Chrono Boost)  
  184  14:10  Probe x2  
  184  14:11  Probe  
  171  14:21  Disruptor (Chrono Boost), Nexus  
  171  14:22  Pylon  
  164  14:25  Zealot x12  
  164  14:27  Zealot x2  
  190  14:35  Observer (Chrono Boost)  
  190  14:36  Shield Battery, Photon Cannon  
  191  14:45  Zealot x4  
  191  14:48  Observer (Chrono Boost)  
  194  15:00  Zealot x3  
  196  15:13  Zealot x4  
  170  15:25  Zealot x10  
  160  15:37  Zealot x4  
  152  15:46  Stalker  
  152  15:47  Stalker x8  
Tags
 
Add a new tag
Caveats
  • Supply blocks, unpowered buildings, or Contaminate may cause inaccurate times.
  • Supply counts are checked every 10 seconds.